 Dungeon Crawl Stone Soup version 0.21.0-30-g47ce8e4 (webtiles) character file.

1551 tidbits the Chiller (level 8, 58/58 HPs)
             Began as a Gnoll Ice Elementalist on Jan 28, 2018.
             Quit the game on level 6 of the Dungeon.
             The game lasted 00:19:46 (2241 turns).

tidbits the Chiller (Gnoll Ice Elementalist)        Turns: 2241, Time: 00:19:47

Health: 58/58      AC:  7    Str: 10    XL:     8   Next: 88%
Magic:  17/17      EV: 16    Int: 20    God:
Gold:   284        SH:  0    Dex: 16    Spells: 7/19 levels left

rFire    . . .     SeeInvis .   a - +0 short sword
rCold    . . .     Gourm    .   (no shield)
rNeg     . . .     Faith    .   B - +0 robe
rPois    .         Spirit   .   (no helmet)
rElec    .         Reflect  .   (no cloak)
rCorr    .         Harm     .   G - +0 pair of gloves
MR       .....                  F - +0 pair of boots
Stlth    ++++......             (no amulet)
HPRegen  0.19/turn              u - ring of stealth
MPRegen  0.15/turn              A - +3 ring of protection

@: no status effects
A: distributed training, fangs 1, strong nose
a: no special abilities


You were on level 6 of the Dungeon.
You were full.

You visited 1 branch of the dungeon, and saw 8 of its levels.
You also visited: Sewer.

You collected 284 gold pieces.

Inventory:

Hand Weapons
 a - a +0 short sword (weapon)
 b - the +4 morningstar of the Everdark {flame, rF+ Int+3}
   (You found it on level 6 of the Dungeon)

   It has been specially enchanted to burn those struck by it, causing extra
   injury to most foes and up to half again as much damage against particularly
   susceptible opponents.
   It affects your intelligence (+3).
   It protects you from fire.
 l - a +0 spear of piercing
   (You found it on level 2 of the Dungeon)
 m - a +0 hunting sling of flaming
   (You found it on level 2 of the Dungeon)
 t - a +0 blowgun
 J - a -3 eveningstar
Missiles
 d - 7 tomahawks of returning (quivered)
 h - 134 arrows
 o - 6 tomahawks
 q - 55 sling bullets
 s - 18 stones
 x - 11 poisoned needles
Armour
 B - a +0 robe (worn)
 F - a +0 pair of boots (worn)
 G - a +0 pair of gloves (worn)
Jewellery
 f - an uncursed ring of protection from cold
   (You found it on level 1 of the Dungeon)
 u - a ring of stealth (left hand)
   (You found it on level 3 of the Dungeon)
 A - a +3 ring of protection (right hand)
   (You found it on level 5 of the Dungeon)
 H - an uncursed ring of protection from cold
   (You took it off an orc priest on level 7 of the Dungeon)
Wands
 p - a wand of paralysis (2)
 I - a wand of acid (8)
 K - a wand of clouds (4)
Scrolls
 e - a scroll of teleportation
 g - 2 scrolls of noise
 j - a scroll of enchant weapon {unknown}
 k - 2 scrolls of fog
 r - 6 scrolls of remove curse
 w - a scroll of blinking {unknown}
 E - a scroll of fear
Potions
 n - a potion of heal wounds
 z - a potion of magic {unknown}
 C - 2 potions of lignification
 D - a potion of haste
Books
 i - a book of Changes
   (You found it on level 4 of the Dungeon)

   Spells                             Type                      Level
   a - Beastly Appendage              Transmutation                1
   b - Sticks to Snakes               Transmutation                2
   c - Spider Form                    Transmutation/Poison         3
   d - Ice Form                       Ice/Transmutation            4
   e - Blade Hands                    Transmutation                5
 v - a book of Frost

   Spells                             Type                      Level
   a - Freeze                         Ice                          1
   b - Throw Frost                    Conjuration/Ice              2
   c - Ozocubu's Armour               Charms/Ice                   3
   d - Throw Icicle                   Conjuration/Ice              4
   e - Summon Ice Beast               Ice/Summoning                4
 y - a book of Necromancy
   (You found it on level 5 of the Dungeon)

   Spells                             Type                      Level
   a - Pain                           Necromancy                   1
   b - Animate Skeleton               Necromancy                   1
   c - Vampiric Draining              Necromancy                   3
   d - Regeneration                   Charms/Necromancy            3
   e - Animate Dead                   Necromancy                   4
   f - Borgnjor's Vile Clutch         Necromancy/Earth             5
Comestibles
 c - 10 rations


   Skills:
 + Level 3.5 Fighting
 + Level 3.5 Short Blades
 + Level 3.5 Long Blades
 + Level 3.5 Axes
 + Level 3.5 Maces & Flails
 + Level 3.5 Polearms
 + Level 3.5 Staves
 + Level 3.5 Slings
 + Level 3.5 Bows
 + Level 3.5 Crossbows
 + Level 3.5 Throwing
 + Level 3.5 Armour
 + Level 5.9 Dodging
 + Level 5.5 Stealth
 + Level 3.5 Shields
 + Level 3.5 Unarmed Combat
 + Level 6.2 Spellcasting
 + Level 3.7 Conjurations
 + Level 2.9 Hexes
 + Level 2.9 Charms
 + Level 2.9 Summonings
 + Level 2.9 Necromancy
 + Level 2.9 Translocations
 + Level 2.9 Transmutations
 + Level 2.9 Fire Magic
 + Level 6.2 Ice Magic
 + Level 2.9 Air Magic
 + Level 2.9 Earth Magic
 + Level 2.9 Poison Magic
 + Level 3.9 Invocations
 + Level 3.5 Evocations


You had 7 spell levels left.
You knew the following spells:

 Your Spells              Type           Power        Failure   Level  Hunger
a - Freeze                Ice            ####         1%          1    None
k - Sticks to Snakes      Tmut           ###.....     4%          2    None
n - Animate Skeleton      Necr           N/A          3%          1    None
o - Ozocubu's Armour      Chrm/Ice       ###.....     4%          3    ##.....
r - Regeneration          Chrm/Necr      ###.......   9%          3    ##.....
t - Throw Frost           Conj/Ice       ####..       1%          2    None


Dungeon Overview and Level Annotations

Branches:
Dungeon (8/15)
 Temple: D:4-7         Lair: D:8-11

Altars:
Ashenzari
Dithmenos
Elyvilon
Ru
Zin
The Shining One

Annotations:
D:4 Mirai's ghost, amateur MiBe


Innate Abilities, Weirdness & Mutations

Your experience applies equally to all skills.
You have very sharp teeth.
Your uncanny sense of smell can sniff out nearby items.


Message History

A scorpion comes into view.
The scorpion is caught in a web!
Found a scroll of remove curse.
You hit the scorpion.
You bite the scorpion, but do no damage.
The scorpion is lightly wounded.
The scorpion pulls away from the web.
Unknown command.
Casting: Freeze
Confirm with . or Enter, or press ? or * to list all spells.
Aiming: Freeze
Press: ? - help, Shift-Dir - straight line, f - scorpion
Aim: a scorpion (lightly wounded)
You freeze the scorpion.
The scorpion is severely wounded.
The scorpion stings you but does no damage.
Casting: Freeze
Confirm with . or Enter, or press ? or * to list all spells.
Aiming: Freeze
Press: ? - help, Shift-Dir - straight line, f/p - scorpion
Aim: a scorpion (severely wounded)
You freeze the scorpion.
You kill the scorpion!
The bat is caught in a web!
The bat pulls away from the web.
Casting: Freeze
Confirm with . or Enter, or press ? or * to list all spells.
Aiming: Freeze
Press: ? - help, Shift-Dir - straight line, f - bat
Aim: a bat You freeze the bat.
You kill the bat!
You pick your way through the web.
There is a web here.
Things that are here:
a bat corpse; a scorpion corpse You see here a scroll of remove curse.
The helpless scorpion fails to defend itself.
You puncture the scorpion!
The scorpion is severely wounded.
The scorpion barely misses you.
Casting: Freeze
Confirm with . or Enter, or press ? or * to list all spells.
Aiming: Freeze
Press: ? - help, Shift-Dir - straight line, f - scorpion
Aim: a scorpion (severely wounded)
You freeze the scorpion.
The scorpion is almost dead.
The scorpion misses you.
Casting: Freeze
Confirm with . or Enter, or press ? or * to list all spells.
Aiming: Freeze
Press: ? - help, Shift-Dir - straight line, f/p - scorpion
Aim: a scorpion (almost dead)
You freeze the scorpion.
You kill the scorpion!
r - 6 scrolls of remove curse (gained 1)
You are caught in the web!
There is a web here.
Things that are here:
a bat corpse; a scorpion corpse You disentangle yourself.
You see here a bat corpse.
You are caught in the web!
There is a web here.
You disentangle yourself.
You see here a scorpion corpse.
You open the large door.
There is a large open door here.
There is a large open door here.
Found a bronze wand.
You see here a wand of clouds (4).
K - a wand of clouds (4)
Found a stone staircase leading down.
Found 18 stones.
There is a stone staircase leading down here.
You climb downwards.
A worker ant, 5 orcs and a shadow imp come into view.
Found two stone staircases leading down.
There is a stone staircase leading up here.
You climb upwards.
There is a stone staircase leading down here.
Unknown command.
Unknown command.
You open the door. You open the door.
There is an open door here.
You see here a potion of lignification.
C - 2 potions of lignification (gained 1)
There is an escape hatch in the ceiling here.
A mysterious force pulls you upwards. The hatch slams shut behind you.
Unknown command.
You see here a pair of boots.
Found a scroll of identify.
A gnoll comes into view. It is wielding a whip.
A gnoll comes into view. It is wielding a whip.
A leopard gecko comes into view.
The gnoll shouts!
The leopard gecko moves out of view.
A gnoll sergeant comes into view. It is wielding a spear of freezing.
Are you sure you want to abandon this character and quit the game? (Confirm with "yes".)

..Y.................
###...........#....##
...###.............. .#
.#.##............... g..
..............#...##
...?##....######....#...
..g.....#..####...####..
...g.#.....$.......# #..
.......@#..........# #..
....#..............# #..
. #.###..........# ###
... #..........# ## ..#
#..........## #. ##.
#..........<.### .
#.##########..#.. . ##
##...... ##.......


You could see a gnoll sergeant (wandering) and 2 gnolls.

Vanquished Creatures
  A hippogriff (D:7)
  A sky beast (D:7)
  Purgy (Sewer)
  An ice beast (D:7)
  2 ogres
  A centaur (D:7)
  A bullfrog (D:6)
  5 scorpions
  A hound (D:6)
  A jelly (D:5)
  3 orc wizards
  3 orc priests (D:7)
  3 worker ants
  9 adders
  3 gnolls (D:5)
  An ooze (D:2)
  3 worms
  2 dart slugs
  8 leopard geckos
  6 orcs
  16 bats
  5 giant cockroaches
  7 goblins
  12 hobgoblins
  2 jackals (Sewer)
  9 kobolds
  4 quokkas
  A ball python (D:6)
  6 frilled lizards
  A leopard gecko skeleton (D:5)
  A quokka skeleton (D:4)
  A quokka zombie (D:5)
  5 rats
126 creatures vanquished.

Vanquished Creatures (others)
  2 fungi (D:5)
  A plant (D:5)
3 creatures vanquished.

Grand Total: 129 creatures vanquished

Notes
Turn   | Place    | Note
-------+----------+-------------------------------------------
     0 | D:1      | tidbits the Gnoll Ice Elementalist began the quest for the Orb.
     0 | D:1      | Reached XP level 1. HP: 13/13 MP: 6/6
    96 | D:1      | Reached skill level 2 in Conjurations
   112 | D:1      | Reached XP level 2. HP: 19/19 MP: 3/7
   259 | D:1      | Reached XP level 3. HP: 22/25 MP: 3/9
   295 | D:2      | Reached skill level 5 in Spellcasting
   357 | D:2      | Reached skill level 1 in Invocations
   421 | D:2      | Reached skill level 1 in Fighting
   421 | D:2      | Reached skill level 1 in Short Blades
   421 | D:2      | Reached skill level 1 in Long Blades
   421 | D:2      | Reached skill level 1 in Axes
   421 | D:2      | Reached skill level 1 in Maces & Flails
   421 | D:2      | Reached skill level 1 in Polearms
   421 | D:2      | Reached skill level 1 in Staves
   421 | D:2      | Reached skill level 1 in Slings
   421 | D:2      | Reached skill level 1 in Bows
   421 | D:2      | Reached skill level 1 in Crossbows
   421 | D:2      | Reached skill level 1 in Throwing
   421 | D:2      | Reached skill level 1 in Armour
   421 | D:2      | Reached skill level 1 in Shields
   421 | D:2      | Reached skill level 1 in Unarmed Combat
   421 | D:2      | Reached skill level 1 in Evocations
   421 | D:2      | Reached XP level 4. HP: 23/32 MP: 3/11
   574 | D:2      | Learned a level 2 spell: Throw Frost
   578 | D:2      | Learned a level 3 spell: Ozocubu's Armour
   646 | D:3      | Found a shadowy altar of Dithmenos.
   690 | D:4      | Found a glowing golden altar of the Shining One.
   691 | D:4      | Found a white marble altar of Elyvilon.
   691 | D:4      | Found a glowing silver altar of Zin.
   708 | D:4      | Learned a level 2 spell: Sticks to Snakes
   719 | D:4      | Reached skill level 1 in Hexes
   719 | D:4      | Reached skill level 1 in Charms
   719 | D:4      | Reached skill level 1 in Summonings
   719 | D:4      | Reached skill level 1 in Necromancy
   719 | D:4      | Reached skill level 1 in Translocations
   719 | D:4      | Reached skill level 1 in Transmutations
   719 | D:4      | Reached skill level 1 in Fire Magic
   719 | D:4      | Reached skill level 1 in Air Magic
   719 | D:4      | Reached skill level 1 in Earth Magic
   719 | D:4      | Reached skill level 1 in Poison Magic
   773 | D:4      | Reached XP level 5. HP: 29/37 MP: 7/12
  1037 | D:4      | Noticed Mirai's ghost (amateur MiBe)
  1048 | D:5      | Entered Level 5 of the Dungeon
  1095 | D:5      | Noticed a sky beast
  1138 | D:5      | Found a glowing drain.
  1178 | D:5      | Reached XP level 6. HP: 27/44 MP: 9/13
  1182 | D:5      | Reached skill level 2 in Invocations
  1191 | Sewer    | Entered a sewer
  1245 | Sewer    | Noticed Purgy
  1286 | Sewer    | Killed Purgy
  1286 | Sewer    | Reached skill level 2 in Fighting
  1286 | Sewer    | Reached skill level 2 in Short Blades
  1286 | Sewer    | Reached skill level 2 in Long Blades
  1286 | Sewer    | Reached skill level 2 in Axes
  1286 | Sewer    | Reached skill level 2 in Maces & Flails
  1286 | Sewer    | Reached skill level 2 in Polearms
  1286 | Sewer    | Reached skill level 2 in Staves
  1286 | Sewer    | Reached skill level 2 in Slings
  1286 | Sewer    | Reached skill level 2 in Bows
  1286 | Sewer    | Reached skill level 2 in Crossbows
  1286 | Sewer    | Reached skill level 2 in Throwing
  1286 | Sewer    | Reached skill level 2 in Armour
  1286 | Sewer    | Reached skill level 5 in Dodging
  1286 | Sewer    | Reached skill level 2 in Shields
  1286 | Sewer    | Reached skill level 2 in Unarmed Combat
  1286 | Sewer    | Reached skill level 2 in Evocations
  1373 | D:6      | Got a pitted morningstar
  1374 | D:6      | Identified the +4 morningstar of the Everdark {flame, rF+ Int+3} (You found it on level 6 of the Dungeon)
  1393 | D:5      | Reached XP level 7. HP: 35/50 MP: 13/15
  1423 | D:5      | Learned a level 3 spell: Regeneration
  1426 | D:5      | Learned a level 1 spell: Animate Skeleton
  1439 | D:5      | Found a shattered altar of Ashenzari.
  1444 | D:5      | Saw a vision of the Swamp and the Spider Nest.
  1444 | D:5      | Noticed a hornet
  1444 | D:5      | Noticed a redback
  1444 | D:5      | Noticed a redback
  1445 | D:5      | Noticed a redback
  1447 | D:5      | Noticed a redback
  1542 | D:5      | Reached skill level 2 in Hexes
  1542 | D:5      | Reached skill level 2 in Charms
  1542 | D:5      | Reached skill level 2 in Summonings
  1542 | D:5      | Reached skill level 2 in Necromancy
  1542 | D:5      | Reached skill level 2 in Translocations
  1542 | D:5      | Reached skill level 2 in Transmutations
  1542 | D:5      | Reached skill level 2 in Fire Magic
  1542 | D:5      | Reached skill level 2 in Air Magic
  1542 | D:5      | Reached skill level 2 in Earth Magic
  1542 | D:5      | Reached skill level 2 in Poison Magic
  1665 | D:7      | Reached skill level 3 in Conjurations
  1720 | D:7      | Noticed a hippogriff
  1728 | D:7      | Killed a hippogriff
  1728 | D:7      | Reached skill level 5 in Stealth
  1728 | D:7      | Reached skill level 3 in Invocations
  1748 | D:7      | Reached skill level 6 in Ice Magic
  1748 | D:7      | Reached XP level 8. HP: 42/57 MP: 16/16
  1776 | D:7      | Found a sacrificial altar of Ru.
  1795 | D:7      | Reached skill level 3 in Fighting
  1795 | D:7      | Reached skill level 3 in Short Blades
  1795 | D:7      | Reached skill level 3 in Long Blades
  1795 | D:7      | Reached skill level 3 in Axes
  1795 | D:7      | Reached skill level 3 in Maces & Flails
  1795 | D:7      | Reached skill level 3 in Polearms
  1795 | D:7      | Reached skill level 3 in Staves
  1795 | D:7      | Reached skill level 3 in Slings
  1795 | D:7      | Reached skill level 3 in Bows
  1795 | D:7      | Reached skill level 3 in Crossbows
  1795 | D:7      | Reached skill level 3 in Throwing
  1795 | D:7      | Reached skill level 3 in Armour
  1795 | D:7      | Reached skill level 3 in Shields
  1795 | D:7      | Reached skill level 3 in Unarmed Combat
  1795 | D:7      | Reached skill level 3 in Evocations
  1843 | D:7      | Reached skill level 6 in Spellcasting
  2241 | D:6      | Quit the game

Skill      XL: |  1  2  3  4  5  6  7  8 |
---------------+-------------------------+-----
Conjurations   | 2 3 |  3.7
Spellcasting   | 5 6 |  6.2
Invocations    | 1 2 3 |  3.9
Fighting       | 1 2 3 |  3.5
Short Blades   | 1 2 3 |  3.5
Long Blades    | 1 2 3 |  3.5
Axes           | 1 2 3 |  3.5
Maces & Flails | 1 2 3 |  3.5
Polearms       | 1 2 3 |  3.5
Staves         | 1 2 3 |  3.5
Slings         | 1 2 3 |  3.5
Bows           | 1 2 3 |  3.5
Crossbows      | 1 2 3 |  3.5
Throwing       | 1 2 3 |  3.5
Armour         | 1 2 3 |  3.5
Shields        | 1 2 3 |  3.5
Unarmed Combat | 1 2 3 |  3.5
Evocations     | 1 2 3 |  3.5
Hexes          | 1 2 |  2.9
Charms         | 1 2 |  2.9
Summonings     | 1 2 |  2.9
Necromancy     | 1 2 |  2.9
Translocations | 1 2 |  2.9
Transmutations | 1 2 |  2.9
Fire Magic     | 1 2 |  2.9
Air Magic      | 1 2 |  2.9
Earth Magic    | 1 2 |  2.9
Poison Magic   | 1 2 |  2.9
Dodging        | 5 |  5.9
Stealth        | 5 |  5.5
Ice Magic      | 6 |  6.2

Action                   |  1- 3 |  4- 6 |  7- 9 || total
-------------------------+-------+-------+-------++-------
Melee: Short sword       |    36 |    52 |    33 ||   121
       Bite              |     2 |     6 |     1 ||     9
       Morningstar       |       |     5 |     5 ||    10
Throw: Tomahawk          |    19 |    11 |     1 ||    31
 Cast: Freeze            |    30 |    59 |    57 ||   146
       Ozocubu's Armour  |       |     1 |     3 ||     4
       Throw Frost       |       |     3 |       ||     3
       Regeneration      |       |       |     4 ||     4
       Animate Skeleton  |       |       |     1 ||     1
Evoke: Wand              |       |     1 |    11 ||    12
  Use: Scroll            |       |     8 |     2 ||    10
       Potion            |       |     2 |       ||     2
 Stab: Sleeping          |     2 |    10 |    10 ||    22
       Paralysed         |       |     3 |    12 ||    15
  Eat: Ration            |       |     2 |     1 ||     3
Armor: Robe              |    12 |    12 |    23 ||    47
Dodge: Dodged            |    37 |    92 |    64 ||   193

Table legend:
 A = Turns spent in this place as a percentage of turns spent in the entire game.
 B = Non-inter-level travel turns spent in this place as a percentage of non-inter-level travel turns spent in the entire game.
 C = Inter-level travel turns spent in this place as a percentage of turns spent in this place.
 D = Turns resting spent in this place as a percentage of non-inter-level travel turns spent in this place.
 E = Turns spent auto-exploring this place as a percentage of non-inter-level travel turns spent in this place.
 F = Non-inter-level travel turns spent in this place divided by the number of levels of this place that you've seen.
                   A       B       C       D       E      F
               +-------+-------+-------+-------+-------+----------------------
         Total | 100.0 | 100.0 |   1.1 |   0.0 |   2.2 | 246.3
       Dungeon |  93.6 |  93.5 |   1.1 |   0.0 |   2.3 | 259.1
         Sewer |   6.4 |   6.5 |   0.0 |   0.0 |   0.0 | 144.0
               +-------+-------+-------+-------+-------+----------------------

Table legend:
 A = Kills in this place as a percentage of kills in entire the game.
 B = Kills by you in this place as a percentage of kills by you in the entire game.
 C = Kills by friends in this place as a percentage of kills by friends in the entire game.
 D = Other kills in this place as a percentage of other kills in the entire game.
 E = Experience gained in this place as a percentage of experience gained in the entire game.
 F = Experience gained in this place divided by the number of levels of this place that you have seen.
                   A       B       C       D       E      F
               +-------+-------+-------+-------+-------+----------------------
         Total | 100.0 | 100.0 |   N/A |   N/A | 100.0 | 246.2
       Dungeon |  95.2 |  95.2 |   N/A |   N/A |  93.7 | 259.6
         Sewer |   4.8 |   4.8 |   N/A |   N/A |   6.3 | 139.0
               +-------+-------+-------+-------+-------+----------------------

Vault maps used:
D:1:      nagdon_arrival_double_spiral
D:2:      kennysheep_six_static_rooms
D:3:      lemuel_doored_altar, minitemple, first_ration, minmay_misc_feat_roman
D:4:      good_gods_temple_1, kennysheep_orc_chapel
D:5:      gup_sewer_entry_glass, grunt_ashenzari_visionary
D:6:      kennysheep_little_box, minmay_temple_entry_mist, serial_corexii_hall,
          corexii_hall_statues_deadend, corexii_hall_statues_i,
          bh_walls_and_bars
D:7:      old_forge, lemuel_crystal_altar, nicolae_ru_sacrificial_ziggurat
Sewer:    sewer_the_crocodile
